cohdb
Replays
Latest Replays
All Replays
Popular Replays
Top Player Replays
Match Explorer
How It Works
Community
CoH3 Stats
Reddit
Sign in to upload your games and track your stats! →
Sign in with Steam
Match 42815765
Unlisted
Match 42815765
Overview
Messages
Build Orders
End
Royal Engineer Section
Royal Engineer Section
Selects Canadian Shock Battlegroup
Vickers Machine Gun Team
Construct Field Infirmary
Construct Section Command Post
Infantry Section
Selects Attacking Spirit
Selects Canadian Shock Section
Construct Platoon Command Post
Canadian Shock Section
Canadian Shock Section
Selects Incendiary Munitions
Selects Pyrotechnics
6-pounder Anti-tank Gun Team
aznovo123
admiral_gnar
waltersanteliz2594
Nihil Vir
ongo goblogian the art collector
ToastyWaffles
0
0
Comments
sign in to comment!
No comments posted yet!